 Dungeon Crawl Stone Soup version 0.32-a0-675-gdc239d62e1 (webtiles) character file.

Game seed: 1211585422180945295

2764 gimp the Mimic (level 10, -3/74 HPs)
             Began as a Formicid Shapeshifter on Mar 12, 2024.
             Was a Follower of Uskayaw.
             Engulfed by a steam dragon's steam (9 damage)
             ... on level 7 of the Dungeon.
             The game lasted 00:18:53 (5914 turns).

gimp the Mimic (Formicid Shapeshifter)              Turns: 5914, Time: 00:18:54

Health: -3/74      AC:  2    Str: 19    XL:     10   Next: 1%
Magic:  10/10      EV: 17    Int: 10    God:    Uskayaw [*.....]
Gold:   531        SH:  0    Dex: 23    Spells: 9/9 levels left

rFire   . .          .
                       - Unarmed
rCold   . . .        (shield currently unavailable)
rNeg    . . .        p - melded +3 leather armour {rF+}
rPois   .            (helmet unavailable)
rElec   .            (no cloak)
rCorr   .            g - +0 pair of gloves
SInv    +            j - +0 pair of boots
Will    +....        s - amulet of regeneration
Stlth   +            C - +6 ring of dexterity
HPRegen 1.12/turn    (no ring)
MPRegen 0.12/turn

%: no passive effects
@: flux-form, glowing
A: glow, contaminating, permanent stasis, dig shafts and tunnels, antennae 3,
four strong arms
a: Dig, Shaft Self, Begin Untransformation, Renounce Religion, Stomp


You were on level 7 of the Dungeon.
You worshipped Uskayaw.
Uskayaw was noncommittal.
You were something dangerously unstable.
You visited 2 branches of the dungeon, and saw 8 of its levels.
You also visited: Ossuary.

You collected 531 gold pieces.

Inventory:

Missiles
 A - 2 curare-tipped darts
Armour
 g - a +0 pair of gloves (worn)
 j - a +0 pair of boots (worn)
 p - a +3 leather armour of fire resistance (melded)
 w - a +1 robe of willpower
Jewellery
 a - a ring of fire
 s - an amulet of regeneration (around neck)
 C - a +6 ring of dexterity (left hand)
Talismans
 c - a beast talisman
 d - a flux talisman (active)
 z - a serpent talisman
Wands
 f - a wand of flame (18)
 l - a wand of quicksilver (17)
 o - a wand of roots (7)
 t - a wand of charming (3)
Scrolls
 e - 2 scrolls of teleportation {unknown}
 i - a scroll of summoning {unknown}
 m - 2 scrolls of poison {unknown}
 n - 2 scrolls of fog {unknown}
 r - a scroll of blinking {unknown}
 u - 3 scrolls of vulnerability {unknown}
 y - 2 scrolls of enchant armour {unknown}
 E - a scroll of noise {unknown}
Potions
 b - 2 potions of enlightenment
 h - 3 potions of might
 k - 2 potions of brilliance
 q - 5 potions of curing
 v - a potion of heal wounds
 B - 2 potions of lignification
 D - a potion of mutation {unknown}
 F - a potion of resistance {unknown}
Miscellaneous
 x - a lightning rod (4/4)


   Skills:
 - Level 5.0 Fighting
 * Level 2.4 Dodging
 + Level 8.3 Unarmed Combat
 + Level 1.2 Invocations
 - Level 5.3 Evocations
 + Level 8.3 Shapeshifting


You had 9 spell levels left.
You didn't know any spells.
Your spell library contained the following spells:

 Spells                   Type           Power      Damage    Failure   Level
 Ensorcelled Hibernation  Hex/Ice        0%         N/A       50%         2
 Fugue of the Fallen      Necr           0%         N/A       75%         3
 Passwall                 Erth           0%         N/A       75%         3
 Anguish                  Hex/Necr       0%         N/A       98%         4
 Olgreb's Toxic Radiance  Alch           0%         N/A       98%         4
 Ozocubu's Refrigeration  Ice            0%         4d7       100%        7
 Discord                  Hex            0%         N/A       100%        8
 Swiftness                Air            Unusable   N/A       N/A         3

Dungeon Overview and Level Annotations

Branches:
Dungeon (7/15)             Temple (1/1) D:7         Ossuary (visited)

Altars:
Ashenzari
Cheibriados
Dithmenos
Elyvilon
Fedhas
Gozag
Hepliaklqana
Makhleb
Nemelex Xobeh
Okawaru
Qazlal
Ru
Sif Muna
Uskayaw
Vehumet
Xom

Annotations:
D:5 1 runed translucent door, exclusion: door, Crazy Yiuf, Sigmund
D:7 exclusions: centaur and 2 more exclusions


Innate Abilities, Weirdness & Mutations

You are something dangerously unstable.
You glow with magical radiation, making you easy to see and hit.
Foes you strike become dangerously contaminated with magical radiation.
You are incapable of wielding weapons or throwing items.
You cannot be hasted, slowed, berserked, paralysed or teleported.
You can dig through walls and to a lower floor.
You have a pair of large antennae on your head. (SInv)
Your four strong arms can wield two-handed weapons with a shield.


Message History

The orc priest barely misses you.
An orc wizard comes into view. It is wielding a +0 dagger.
You hit the orc priest.
The orc priest shudders as magic cascades through it.
The orc priest twists and deforms.
The orc priest is severely wounded.
Unknown command.
You hit the orc priest.
The orc priest begins to glow.
The orc priest is almost dead.
The orc priest closely misses you.
Uskayaw will force your foes to helplessly watch your dance.
Uskayaw prepares the audience for your solo!
The helpless orc priest fails to defend itself.
You hit the orc priest.
You kill the orc priest!
Health restored: 68 No target in range!
No target in range!
The orc wizard is no longer paralysed.
The orc priest is no longer paralysed.
The orc priest completely misses you.
Items here: ))) [[ ††.
You hit the orc priest.
The orc priest begins to glow.
The orc priest is moderately wounded.
The orc priest misses you.
You barely miss the orc priest.
The orc priest is moderately wounded.
The orc priest hits you with a +0 club.
You take 2 damage, and have 66/68 hp.
You hit the orc priest but do no damage.
The orc priest glows dangerously bright.
The orc priest is moderately wounded.
The orc priest misses you.
You hit the orc priest.
The orc priest shudders as magic cascades through it!!
You kill the orc priest!
Uskayaw will force your foes to share their pain.
You have reached level 10!
Health restored: 74; MP restored: 10 You hit the orc wizard.
The orc wizard begins to glow.
The orc wizard is lightly wounded.
The orc wizard hits you with a +0 dagger.
You take 3 damage, and have 71/74 hp.
You punch the orc wizard!
The orc wizard glows dangerously bright.
The orc wizard is heavily wounded.
You hit the orc wizard.
The orc wizard shudders as magic cascades through it!
You kill the orc wizard!
No target in view!
Items here: )) [ †.
Health restored: 74
Items here: ))) [[ ††.
A water moccasin comes into view.
The water moccasin moves out of view.
You now have 531 gold pieces (gained 19).
A steam dragon comes into view.
Found a stone.
A steam dragon is nearby!
You can no longer pass through a line of other dancers.
The steam dragon breathes steam at you. The ball of steam hits you!!
You take 23 damage, and have 51/74 hp.
MASSIVE DAMAGE!!
You are engulfed in a cloud of scalding steam.
You take 3 damage, and have 48/74 hp.
The steam dragon breathes steam at you. The ball of steam misses you.
You hit the steam dragon but do no damage.
The steam dragon begins to glow.
The steam dragon barely misses you. The steam dragon misses you.
You hit the steam dragon but do no damage.
The steam dragon glows dangerously bright.
The steam dragon breathes steam at you. The ball of steam hits you!!
You take 18 damage, and have 33/74 hp.
MASSIVE DAMAGE!!
You are too injured to fight recklessly!
You are too injured to fight recklessly!
The steam dragon completely misses you. The steam dragon closely misses you.
You hit the steam dragon.
The steam dragon shudders as magic cascades through it.
The steam dragon twists and deforms.
The steam dragon is moderately wounded.
You hit the steam dragon.
The steam dragon begins to glow.
The steam dragon is moderately wounded.
You are engulfed in a cloud of scalding steam.
The steam dragon closely misses you. The steam dragon claws you.
You take 8 damage, and have 27/74 hp.
You hit the steam dragon.
The steam dragon glows dangerously bright.
The steam dragon is heavily wounded.
The steam dragon breathes steam at you. The ball of steam hits you!!
* * * LOW HITPOINT WARNING * * *
You take 21 damage, and have 6/74 hp.
MASSIVE DAMAGE!!
You punch the steam dragon!
The steam dragon shudders as magic cascades through it!
The steam dragon twists and deforms.
The steam dragon is almost dead.
You are engulfed in a cloud of scalding steam.
You die...
Your body falls in perfect tune with the rhythm.

#####################
#...?..........D.(...
##### ##.##
###§##.########
....###...# #§##.#
##....#...### #.##D#
#..#.......####p##.#
#.....######...D##.#######
#[##..#⌠...##........))..#
#.##..##...##.####.#####.#
#.##....._.##.# #.# ,#
#.##.###...##.# #.# #.
#.##⌠...##.# #.#
#.########.####.#
#..........)....####..


You could see a steam dragon (catching breath, misshapen).

Vanquished Creatures
  Grinder (D:3)
  A steam dragon (D:6)
  3 water moccasins
  Duvessa (D:4)
  3 ice beasts
  A centaur (D:7)
  3 kobold brigands
  2 bullfrogs (D:6)
  3 scorpions
  Dowan (D:4)
  2 bombardier beetles (D:5)
  4 hounds
  5 jellies
  5 orc priests
  A sleepcap (D:6)
  Jessica (D:3)
  Natasha (thrice) (D:3)
  An iguana (D:6)
  Ijyb (D:3)
  4 orc wizards
  8 mummies (Ossuary)
  4 gnolls
  6 adders
  A shadow imp (D:6)
  2 ufetubi (D:6)
  4 dart slugs
  20 orcs
  11 endoplasms
  2 giant cockroaches
  6 goblins
  4 hobgoblins
  3 jackals (D:3)
  6 quokkas
  7 ball pythons
  4 bats
  4 frilled lizards
  4 hobgoblin zombies (Ossuary)
  24 kobolds
  2 kobold zombies (Ossuary)
  2 orc zombies (Ossuary)
  6 rats
176 creatures vanquished.

Notes
Turn   | Place    | Note
-------+----------+-------------------------------------------
     0 | D:1      | gimp the Formicid Shapeshifter began the quest for the Orb.
     0 | D:1      | Reached XP level 1. HP: 15/15 MP: 1/1
   104 | D:1      | Reached XP level 2. HP: 21/21 MP: 2/2
   349 | D:1      | Reached XP level 3. HP: 23/27 MP: 3/3
  1040 | D:2      | Reached XP level 4. HP: 34/34 MP: 4/4
  1528 | D:3      | Noticed Ijyb
  1538 | D:3      | Killed Ijyb
  1796 | D:3      | Noticed Natasha
  1848 | D:3      | Noticed Grinder
  1870 | D:3      | Noticed Jessica
  1897 | D:3      | Killed Grinder
  1898 | D:3      | Reached XP level 5. HP: 20/42 MP: 5/5
  1898 | D:3      | Reached XP level 6. HP: 23/48 MP: 6/6
  2196 | D:3      | Killed Jessica
  2201 | D:3      | Reached skill level 5 in Shapeshifting
  2256 | D:3      | Killed Natasha
  2257 | D:3      | Reached XP level 7. HP: 45/54 MP: 7/7
  2332 | D:3      | Found a faded altar of an unknown god.
  2345 | D:3      | Noticed Natasha
  2355 | D:3      | Killed Natasha
  2407 | D:3      | Found a shimmering altar of Xom.
  2518 | D:3      | Noticed Natasha
  2524 | D:3      | Killed Natasha
  2525 | D:3      | Reached skill level 5 in Unarmed Combat
  2820 | D:4      | Found a sand-covered staircase.
  2823 | D:4      | Noticed Dowan
  2827 | D:4      | Noticed Duvessa
  2837 | Ossuary  | Entered an ossuary
  3140 | D:4      | Killed Duvessa
  3141 | D:4      | Reached skill level 5 in Fighting
  3143 | D:4      | Killed Dowan
  3340 | D:4      | Reached XP level 8. HP: 62/62 MP: 8/8
  3964 | D:5      | Entered Level 5 of the Dungeon
  4038 | D:5      | Reached skill level 1 in Evocations
  4376 | D:5      | Noticed Sigmund
  4445 | D:5      | Reached XP level 9. HP: 49/68 MP: 9/9
  4508 | D:5      | Found a runed translucent door.
  4509 | D:5      | Noticed Crazy Yiuf
  4961 | D:6      | Found a sacrificial altar of Ru.
  5028 | D:6      | Found a hazy altar of Hepliaklqana.
  5441 | D:7      | Found a shimmering blue altar of Sif Muna.
  5450 | D:7      | Reached skill level 5 in Evocations
  5475 | D:7      | Found a staircase to the Ecumenical Temple.
  5481 | Temple   | Entered the Ecumenical Temple
  5502 | Temple   | Became a worshipper of Uskayaw the Reveller
  5543 | D:7      | Reached * piety under Uskayaw
  5548 | D:7      | Reached ** piety under Uskayaw
  5801 | D:7      | Found a broken altar of Ashenzari.
  5869 | D:7      | Reached skill level 1 in Invocations
  5874 | D:7      | Reached *** piety under Uskayaw
  5880 | D:7      | Reached **** piety under Uskayaw
  5881 | D:7      | Reached XP level 10. HP: 74/74 MP: 10/10
  5914 | D:7      | Engulfed by a steam dragon's steam

Illustrated notes

Levels and vault maps discovered:
D:1:      amcnicky_arrival_underground_garden, layout_basic,
          minmay_indecisive_spiral
D:2:      layout_basic, hangedman_decor_push
D:3:      layout_basic, regret_index_xom_buried_treasure,
          hellmonk_ecumenical_altar_pennies_from_heaven, uniq_jessica,
          uniq_ijyb, uniq_grinder, uniq_natasha
D:4:      layout_loops_cross, chequers_ossuary_entry_cave, minmay_checkerbox,
          uniq_duvessa
D:5:      layout_cave_pools, uniq_crazy_yiuf_cottage, uniq_sigmund
D:6:      layout_rooms, mainiacjoe_overflow_two_lobes
D:7:      layout_loops_ring, mainiacjoe_overflow_tiny_flanked,
          mainiacjoe_overflow_alcove_2, minmay_temple_entry_wispy, centaur_isle
Temple:   hellmonk_temple_of_storms

Skill      XL: |  1  2  3  4  5  6  7  8  9 |
---------------+----------------------------+-----
Fighting       | 2 4 5 |  5.0
Shapeshifting  | 4 5 7 8 |  8.3
Unarmed Combat | 4 5 7 8 |  8.3
Evocations     | 2 5 |  5.3
Dodging        | 2 |  2.4
Invocations    | 1 |  1.2

Action                     |  1- 3 |  4- 6 |  7- 9 | 10-12 || total
---------------------------+-------+-------+-------+-------++-------
  Melee: Unarmed           |    94 |    99 |   412 |     9 ||   614
         Punch             |     3 |     3 |     9 |       ||    15
    Use: Potion            |       |     2 |     4 |       ||     6
         Scroll            |       |       |     9 |       ||     9
   Stab: Sleeping          |     1 |       |     2 |       ||     3
         Paralysed         |       |       |     1 |       ||     1
 Armour: Animal skin       |    41 |    17 |       |       ||    58
         Leather armour    |       |    36 |   114 |       ||   150
         Skin              |       |    10 |    71 |     8 ||    89
  Dodge: Dodged            |    61 |    39 |   238 |     6 ||   344
         Form:             |     1 |       |     1 |       ||     2
         Beast             |     1 |       |       |       ||     1
         Flux              |       |       |     1 |       ||     1

Table legend: (Time is in decaauts)
 A = Elapsed time spent in this place.
 B = Non-inter-level travel time spent in this place.
 C = Inter-level travel time spent in this place.
 D = Time resting spent in this place.
 E = Time spent auto-exploring this place.
 F = Levels seen in this place.
 G = Mean time per level.
                   A        B        C        D        E       F      G
               +--------+--------+--------+--------+--------+-----+--------+
         Total |   5848 |   5643 |    205 |     57 |   4120 |   9 |  649.8 |
       Dungeon |   5519 |   5354 |    165 |     57 |   3977 |   7 |  788.4 |
        Temple |     42 |      2 |     40 |      0 |      0 |   1 |   42.0 |
       Ossuary |    286 |    286 |      0 |      0 |    143 |   1 |  286.0 |
               +--------+--------+--------+--------+--------+-----+--------+

Top non-repeatable levels by time:
     D:3: 1285 daAuts
     D:4: 871 daAuts
     D:1: 824 daAuts
     D:6: 776 daAuts
     D:2: 665 daAuts
     D:5: 592 daAuts
     D:7: 504 daAuts
 Ossuary: 286 daAuts
  Temple: 42 daAuts
